Marlies vs Heat

Created - 5 janvier 2022 at 16:26

Goals
1 2 3 T
Marlies 2 2 2 6
Heat 2 0 1 3
Shots
1 2 3 T
Marlies 10 11 15 36
Heat 13 8 12 33

GoalsPenalties
1st period
1. Heat , Daniel Carr 10 (Jonny Brodzinski 7, Steven Kampfer 16) at 6:05 (PP)
2. Marlies , Philipp Kurashev 18 (Ty Dellandrea 22, Trevor Carrick 11) at 9:36 (PP)
3. Marlies , Samuel Morin 4 (Arnaud Durandeau 12, Frederik Gauthier 12) at 13:24 (PP)
4. Heat , Dillon Dube 5 (Alexander Petrovic 17, Travis Boyd 12) at 19:59
Samuel Morin (TOR) for Boarding (Minor) at 4:12
Patrick Russell (STK) for Interference (Minor) at 8:35
Ryan McLeod (STK) for Cross-checking (Minor) at 12:32
2nd period
5. Marlies , Samuel Morin 5 (Dennis Cholowski 16) at 11:14 (PP)
6. Marlies , Kyle Clifford 10 (Frederik Gauthier 13, Trevor Carrick 12) at 16:25
Ryan McLeod (STK) for Boarding (Minor) at 9:27
Samuel Morin (TOR) for Hooking (Minor) at 11:57
Cody Goloubef (TOR) for Hooking (Minor) at 14:29
John Hayden (STK) for Elbowing (Minor) at 15:37
3rd period
7. Marlies , Philipp Kurashev 19 (Parker Kelly 18, Ty Dellandrea 23) at 2:54
8. Marlies , Mitchell Stephens 12 (Rhett Gardner 13, Dennis Cholowski 17) at 5:15
9. Heat , Wade Allison 10 (Dillon Dube 15, Ryan McLeod 18) at 17:23 (PP)
Samuel Morin (TOR) for Hooking (Minor) at 15:52
Goalie Stats
Adam Werner (TOR), 30 saves from 33 shots - (0,909), W, 10-11-0, 60:00 minutes
Joel Hofer (STK), 12 saves from 13 shots - (0,923), 17:06 minutes
Maxime Lagace (STK), 18 saves from 23 shots - (0,783), L, 9-5-3, 42:54 minutes
3 StarsOfficial
1 - Philipp Kurashev (TOR)
2 - Samuel Morin (TOR)
3 - Trevor Carrick (TOR)
Referees : Steve Kozari and Jon Mclsaac
Linesman : Jonny Murray and Vaughan Rody
Game Note
Joel Hofer enters game at 2:54 of 3rd period
Finance
Level 1 -- Attendance: 1267 (63,35%) -- Ticket Income 50 680 $
Level 2 -- Attendance: 446 (44,60%) -- Ticket Income 13 380 $
Total Attendance: 1713 (57,10%)
Total Ticket Income: 64 060 $
Other Income: 31 389 $
Total Income: 95 449 $



Team Name Goals Shots Shots Attemp Shots Blocked PIM HIT PP PK FO%
Marlies 6366188203 / 4 (75%)268%
Heat 33366108272 / 4 (50%)332%

Marlies
Player Name POS G A P +/- PIM HIT SHT SB MP PP MP PP SHT PK MP PK SHT FO% FOT
Arnaud DurandeauLW0110031010:162:3210:2600% 0
Cody GoloubefD0000252121:332:5602:1700% 0
Dennis CholowskiD0221000024:201:5204:0000% 0
Devante StephensD0000012316:080:0002:2600% 0
Frederik GauthierC/RW0220001017:592:3200:33067% 18
Gabriel BourqueLW/RW000-1022015:270:0000:430100% 2
Jonathan GrudenLW000000107:180:0000:0000% 0
Kyle CliffordLW1010034018:000:0003:0600% 1
Mitchell StephensC1011002013:470:0002:37079% 24
Nikita OkhotiukD0001011013:520:0000:0000% 0
Oskar SteenC/LW/RW0001001013:210:0002:11080% 5
Parker KellyC/LW/RW0111004018:452:1611:10150% 2
Philipp KurashevLW/RW2021007020:092:1613:1500% 0
Rhett GardnerC0111001011:100:0000:000100% 1
Samuel MorinLW/D2021624320:251:5220:0800% 0
Shane BowersC000002109:502:3200:00050% 12
Trevor CarrickD0221010122:392:5603:1200% 0
Ty DellandreaC0221002017:352:1610:00064% 25
Heat
Player Name POS G A P +/- PIM HIT SHT SB MP PP MP PP SHT PK MP PK SHT FO% FOT
Alexander PetrovicD011-1014121:362:4032:0100% 0
Cody FransonD000-1002122:383:5121:5700% 0
Cole SchneiderLW0000023011:190:0000:1000% 0
Connor MackeyD0000030115:460:0000:5000% 0
Daniel CarrLW/RW101-1001019:103:0310:1900% 2
Dillon DubeC/LW/RW1120004016:213:2812:1600% 1
Eetu TuulolaRW000-1020011:040:0000:0000% 1
Joel KellmanC000-1000012:510:0001:47041% 17
John HaydenC/LW/RW00002103019:383:0201:36018% 22
Jonny BrodzinskiC/LW/RW0110002018:033:0310:0000% 2
Mark BarberioD000-1022118:250:0002:4100% 0
Patrick RussellRW000-1201011:030:0000:0000% 0
Ryan McLeodC011-1402016:453:2801:19032% 25
Steven KampferD0110000022:033:5102:0700% 0
Tommy CrossD000-1010416:520:0000:0000% 0
Travis BoydC/LW/RW0110002113:172:4020:0000% 0
Wade AllisonRW1010025016:173:2821:37067% 3
Zac RinaldoC/LW/RW0000042111:090:0000:32047% 17

Marlies

5 vs 5 Forward
Line #Left WingCenterRight WingPHYDFOFWanted %Time %Time Play
1Philipp KurashevTy DellandreaParker Kelly1223031%14:38
2Kyle CliffordFrederik GauthierGabriel Bourque1223031%14:44
3Rhett GardnerMitchell StephensOskar Steen1222423%11:10
4Arnaud DurandeauShane BowersJonathan Gruden1221615%7:18
5 vs 5 Defense
Line #DefenseDefensePHYDFOFWanted %Time %Time Play
1Dennis CholowskiSamuel Morin1223026%12:35
2Cody GoloubefTrevor Carrick1223034%16:21
3Nikita OkhotiukDevante Stephens1222429%13:42
4Dennis CholowskiSamuel Morin1221611%5:12
Power Play Forward
Line #Left WingCenterRight WingPHYDFOFWanted %Time %Time Play
1Parker KellyTy DellandreaPhilipp Kurashev1225047%2:16
2Arnaud DurandeauShane BowersFrederik Gauthier1225053%2:32
Power Play Defense
Line #DefenseDefensePHYDFOFWanted %Time %Time Play
1Dennis CholowskiSamuel Morin1225039%1:52
2Cody GoloubefTrevor Carrick1225061%2:56
Penalty Kill 4 Players Forward
Line #CenterWingPHYDFOFWanted %Time %Time Play
1Mitchell StephensKyle Clifford1225050%3:16
2Oskar SteenPhilipp Kurashev1225050%3:15
Penalty Kill 4 Players Defense
Line #DefenseDefensePHYDFOFWanted %Time %Time Play
1Dennis CholowskiDevante Stephens1225043%2:50
2Cody GoloubefTrevor Carrick1225057%3:41
Penalty Kill 3 Players
Line #WingPHYDFOFWanted %Time %Time PlayDefenseDefensePHYDFOFWanted %Time %Time Play
1Ty Dellandrea122500%0:00 Dennis CholowskiSamuel Morin122500%0:00
2Frederik Gauthier122500%0:00 Cody GoloubefTrevor Carrick122500%0:00
4 vs 4 Forward
Line #CenterWingPHYDFOFWanted %Time %Time Play
1Ty DellandreaParker Kelly1225080%0:41
2Frederik GauthierKyle Clifford1225020%0:10
4 vs 4 Defense
Line #DefensePHYDFOFWanted %Time %Time Play
1Dennis CholowskiSamuel Morin1225080%50% - 0:41
2Cody GoloubefTrevor Carrick1225020%50% - 0:10
Last Minutes Offensive
Left WingCenterRight WingDefenseDefense
Kyle CliffordTy DellandreaFrederik GauthierDennis CholowskiSamuel Morin
Last Minutes Defensive
Left WingCenterRight WingDefenseDefense
Kyle CliffordTy DellandreaFrederik GauthierDennis CholowskiSamuel Morin
Time
Total ForwardTotal DefenseLast Minutes OffensiveLast Minutes Defensive
60:00 60:00 0:000:00
Extra Forwards
Normal PowerPlayPenalty Kill
Shane Bowers, Philipp Kurashev, Rhett GardnerShane Bowers, Philipp KurashevRhett Gardner
Extra Defensemen
Normal PowerPlayPenalty Kill
Nikita Okhotiuk, Devante Stephens, Cody GoloubefNikita Okhotiuk, Devante StephensCody Goloubef
Penalty Shots
Ty Dellandrea, Frederik Gauthier, Kyle Clifford, Parker Kelly, Rhett Gardner
Goalie
Adam Werner, Alex D'Orio
Custom OT Lines Forwards
Ty Dellandrea, Frederik Gauthier, Kyle Clifford, Parker Kelly, Rhett Gardner, Mitchell Stephens, Samuel Morin, Oskar Steen, Shane Bowers, Arnaud Durandeau
Custom OT Lines Defensemen
Dennis Cholowski, Samuel Morin, Cody Goloubef, Trevor Carrick, Nikita Okhotiuk
Scratches
German Rubtsov (Healthy), Curtis Hall (Healthy), Damien Riat (Healthy), Reilly Walsh (Healthy), Vladislav Kolyachonok (Healthy) Will Reilly (Healthy), Jakub Skarek (Healthy), Felix Sandstrom (Healthy), Kevin Mandolese (Healthy)

Heat

5 vs 5 Forward
Line #Left WingCenterRight WingPHYDFOFWanted %Time %Time Play
1Jonny BrodzinskiJohn HaydenDaniel Carr1223031%15:00
2Cole SchneiderRyan McLeodWade Allison1222423%11:09
3Travis BoydZac RinaldoDillon Dube1222322%10:37
4Patrick RussellJoel KellmanEetu Tuulola1222323%11:04
5 vs 5 Defense
Line #DefenseDefensePHYDFOFWanted %Time %Time Play
1Cody FransonSteven Kampfer1223634%16:02
2Alexander PetrovicTommy Cross1223435%16:52
3Connor MackeyMark Barberio1223031%14:56
4Cody FransonConnor Mackey12200%0:00
Power Play Forward
Line #Left WingCenterRight WingPHYDFOFWanted %Time %Time Play
1Dillon DubeRyan McLeodWade Allison0146053%3:28
2Jonny BrodzinskiJohn HaydenDaniel Carr0144047%3:03
Power Play Defense
Line #DefenseDefensePHYDFOFWanted %Time %Time Play
1Steven KampferCody Franson0146059%3:51
2Alexander PetrovicTravis Boyd0144041%2:40
Penalty Kill 4 Players Forward
Line #CenterWingPHYDFOFWanted %Time %Time Play
1Joel KellmanDillon Dube1405032%1:33
2Ryan McLeodJohn Hayden1405068%3:15
Penalty Kill 4 Players Defense
Line #DefenseDefensePHYDFOFWanted %Time %Time Play
1Cody FransonSteven Kampfer1405046%2:13
2Mark BarberioAlexander Petrovic1405054%2:35
Penalty Kill 3 Players
Line #WingPHYDFOFWanted %Time %Time PlayDefenseDefensePHYDFOFWanted %Time %Time Play
1Joel Kellman050500%0:00 Cody FransonSteven Kampfer050500%0:00
2Ryan McLeod050500%0:00 Mark BarberioAlexander Petrovic050500%0:00
4 vs 4 Forward
Line #CenterWingPHYDFOFWanted %Time %Time Play
1John HaydenDaniel Carr1225094%0:48
2Ryan McLeodWade Allison122506%0:03
4 vs 4 Defense
Line #DefensePHYDFOFWanted %Time %Time Play
1Cody FransonMark Barberio1225094%50% - 0:48
2Steven KampferAlexander Petrovic122506%50% - 0:03
Last Minutes Offensive
Left WingCenterRight WingDefenseDefense
Jonny BrodzinskiRyan McLeodDaniel CarrCody FransonSteven Kampfer
Last Minutes Defensive
Left WingCenterRight WingDefenseDefense
John HaydenRyan McLeodJoel KellmanSteven KampferAlexander Petrovic
Time
Total ForwardTotal DefenseLast Minutes OffensiveLast Minutes Defensive
60:00 60:00 0:000:00
Extra Forwards
Normal PowerPlayPenalty Kill
Ryan McLeod, Dillon Dube, John HaydenZac Rinaldo, Daniel CarrWade Allison
Extra Defensemen
Normal PowerPlayPenalty Kill
Mark Barberio, Cody Franson, Steven KampferConnor Mackey, Tommy CrossConnor Mackey
Penalty Shots
Dillon Dube, Jonny Brodzinski, Travis Boyd, Daniel Carr, Patrick Russell
Goalie
Maxime Lagace, Joel Hofer
Custom OT Lines Forwards
John Hayden, Daniel Carr, Ryan McLeod, Wade Allison, Dillon Dube, Travis Boyd, Jonny Brodzinski, Zac Rinaldo, Joel Kellman, Cole Schneider
Custom OT Lines Defensemen
Steven Kampfer, Cody Franson, Alexander Petrovic, Mark Barberio, Tommy Cross
Scratches
Alexander Yelesin (Healthy), Nikolai Knyzhov (Healthy), Matthew Phillips (Healthy), Luke Philp (Healthy), Dmitry Zavgorodniy (Healthy) Emilio Pettersen (Healthy), Axel Jonsson-Fjallby (Healthy), Joseph Gambardella (Healthy), Philip Kemp (Healthy), Dylan Ferguson (Healthy) Scott Wedgewood (Healthy)


Play-by-Play

1st period


0:01 of 1st period - John Hayden wins face-off versus Ty Dellandrea in neutral zone.
0:32 of 1st period - Icing by Steven Kampfer.
0:33 of 1st period - Frederik Gauthier wins face-off versus John Hayden in Heat zone.
0:44 of 1st period - Frederik Gauthier is hit by John Hayden and loses puck.
1:14 of 1st period - Cole Schneider is hit by Cody Goloubef and loses puck.
1:52 of 1st period - Zac Rinaldo is hit by Cody Goloubef and loses puck.
2:19 of 1st period - Shot by Zac Rinaldo.
2:19 of 1st period - Stopped by Adam Werner without a rebound.
2:20 of 1st period - Mitchell Stephens wins face-off versus Eetu Tuulola in Marlies zone.
2:33 of 1st period - Devante Stephens is hit by Eetu Tuulola and loses puck.
3:31 of 1st period - Shot by Jonny Brodzinski.
3:31 of 1st period - Shot Misses the Net.
4:12 of 1st period - Minor Penalty to Samuel Morin for Boarding.
4:13 of 1st period - Parker Kelly wins face-off versus Ryan McLeod in Marlies zone.
4:13 of 1st period - Parker Kelly is hit by Wade Allison.
4:41 of 1st period - Trevor Carrick is hit by Wade Allison and loses puck.
5:00 of 1st period - Shot by Parker Kelly.
5:00 of 1st period - Shot Blocked by Travis Boyd.
5:12 of 1st period - Shot by Alexander Petrovic.
5:12 of 1st period - Stopped by Adam Werner without a rebound.
5:13 of 1st period - Frederik Gauthier wins face-off versus Wade Allison in Marlies zone.
5:55 of 1st period - Shot by Parker Kelly.
5:55 of 1st period - Stopped by Maxime Lagace without a rebound.
5:56 of 1st period - Mitchell Stephens wins face-off versus John Hayden in Heat zone.
6:05 of 1st period - Shot by Daniel Carr.
6:05 of 1st period - Goal by Daniel Carr - Marlies : 0 - Heat : 1.
6:06 of 1st period - Shane Bowers wins face-off versus Joel Kellman in neutral zone.
6:08 of 1st period - Dennis Cholowski is hit by Connor Mackey and loses puck.
6:34 of 1st period - Shane Bowers is hit by Connor Mackey and loses puck.
6:59 of 1st period - Icing by Steven Kampfer.
7:00 of 1st period - Ty Dellandrea wins face-off versus John Hayden in Heat zone.
7:01 of 1st period - Shot by Cody Goloubef.
7:01 of 1st period - Stopped by Maxime Lagace without a rebound.
7:02 of 1st period - Ty Dellandrea wins face-off versus Ryan McLeod in Heat zone.
7:03 of 1st period - Shot by Philipp Kurashev.
7:03 of 1st period - Shot Blocked by Tommy Cross.
8:03 of 1st period - Travis Boyd is hit by Kyle Clifford and loses puck.
8:14 of 1st period - Shot by Kyle Clifford.
8:14 of 1st period - Stopped by Maxime Lagace without a rebound.
8:15 of 1st period - Mitchell Stephens wins face-off versus John Hayden in Heat zone.
8:31 of 1st period - Shot by Jonny Brodzinski.
8:31 of 1st period - Stopped by Adam Werner without a rebound.
8:32 of 1st period - Frederik Gauthier wins face-off versus Joel Kellman in Marlies zone.
8:32 of 1st period - Frederik Gauthier is hit by Eetu Tuulola.
8:35 of 1st period - Minor Penalty to Patrick Russell for Interference.
8:36 of 1st period - Shane Bowers wins face-off versus Joel Kellman in Heat zone.
8:39 of 1st period - Shot by Dennis Cholowski.
8:39 of 1st period - Shot Blocked by Cody Franson.
9:05 of 1st period - Shot by Arnaud Durandeau.
9:05 of 1st period - Stopped by Maxime Lagace with a rebound.
9:36 of 1st period - Shot by Philipp Kurashev.
9:36 of 1st period - Goal by Philipp Kurashev - Marlies : 1 - Heat : 1.
9:37 of 1st period - Mitchell Stephens wins face-off versus Zac Rinaldo in neutral zone.
9:49 of 1st period - Travis Boyd is hit by Nikita Okhotiuk and loses puck.
10:02 of 1st period - Shot by Zac Rinaldo.
10:02 of 1st period - Shot Misses the Net.
10:15 of 1st period - Icing by Steven Kampfer.
10:16 of 1st period - Zac Rinaldo wins face-off versus Ty Dellandrea in Heat zone.
11:06 of 1st period - Eetu Tuulola is hit by Gabriel Bourque and loses puck.
11:50 of 1st period - Samuel Morin is hit by John Hayden and loses puck.
12:15 of 1st period - Shot by John Hayden.
12:15 of 1st period - Stopped by Adam Werner without a rebound.
12:16 of 1st period - Ryan McLeod wins face-off versus Mitchell Stephens in Marlies zone.
12:19 of 1st period - Shot by Cole Schneider.
12:19 of 1st period - Stopped by Adam Werner without a rebound.
12:20 of 1st period - Ty Dellandrea wins face-off versus Ryan McLeod in Marlies zone.
12:26 of 1st period - Icing by Parker Kelly.
12:27 of 1st period - Ty Dellandrea wins face-off versus Ryan McLeod in Marlies zone.
12:27 of 1st period - Ty Dellandrea is hit by Cole Schneider.
12:32 of 1st period - Minor Penalty to Ryan McLeod for Cross-checking.
12:33 of 1st period - Ty Dellandrea wins face-off versus Joel Kellman in Heat zone.
12:44 of 1st period - Shot by Parker Kelly.
12:44 of 1st period - Stopped by Maxime Lagace with a rebound.
12:46 of 1st period - Shot by Ty Dellandrea.
12:46 of 1st period - Deflect By Philipp Kurashev.
12:46 of 1st period - Shot Misses the Net.
12:48 of 1st period - Shot by Ty Dellandrea.
12:48 of 1st period - Stopped by Maxime Lagace without a rebound.
12:49 of 1st period - Wade Allison wins face-off versus Shane Bowers in Heat zone.
12:49 of 1st period - Wade Allison is hit by Shane Bowers.
13:24 of 1st period - Shot by Samuel Morin.
13:24 of 1st period - Goal by Samuel Morin - Marlies : 2 - Heat : 1.
13:25 of 1st period - Ty Dellandrea wins face-off versus Joel Kellman in neutral zone.
13:38 of 1st period - Icing by Alexander Petrovic.
13:39 of 1st period - Joel Kellman wins face-off versus Mitchell Stephens in Heat zone.
14:48 of 1st period - Shot by Cody Franson.
14:48 of 1st period - Shot Blocked by Samuel Morin.
15:08 of 1st period - Shot by Philipp Kurashev.
15:08 of 1st period - Stopped by Maxime Lagace without a rebound.
15:09 of 1st period - Ryan McLeod wins face-off versus Frederik Gauthier in Heat zone.
15:13 of 1st period - Mark Barberio is hit by Trevor Carrick.
15:17 of 1st period - Shot by Ryan McLeod.
15:17 of 1st period - Shot Misses the Net.
15:19 of 1st period - Shot by Cole Schneider.
15:19 of 1st period - Stopped by Adam Werner with a rebound.
15:21 of 1st period - Shot by Cole Schneider.
15:21 of 1st period - Shot Misses the Net.
15:29 of 1st period - Shot by Cole Schneider.
15:29 of 1st period - Stopped by Adam Werner without a rebound.
15:30 of 1st period - Shane Bowers wins face-off versus Zac Rinaldo in Marlies zone.
15:35 of 1st period - Travis Boyd is hit by Shane Bowers and loses puck.
16:26 of 1st period - Icing by Samuel Morin.
16:27 of 1st period - Wade Allison wins face-off versus Shane Bowers in Marlies zone.
16:28 of 1st period - Shot by Steven Kampfer.
16:28 of 1st period - Shot Misses the Net.
17:28 of 1st period - Shot by Daniel Carr.
17:28 of 1st period - Shot Misses the Net.
17:30 of 1st period - Shot by Mark Barberio.
17:30 of 1st period - Stopped by Adam Werner without a rebound.
17:31 of 1st period - Frederik Gauthier wins face-off versus Joel Kellman in Marlies zone.
18:15 of 1st period - Kyle Clifford is hit by Mark Barberio and loses puck.
18:22 of 1st period - Kyle Clifford is hit by John Hayden and loses puck.
18:27 of 1st period - Shot by John Hayden.
18:27 of 1st period - Stopped by Adam Werner without a rebound.
18:28 of 1st period - Ty Dellandrea wins face-off versus Ryan McLeod in Marlies zone.
18:44 of 1st period - Shot by Wade Allison.
18:44 of 1st period - Shot Misses the Net.
18:48 of 1st period - Shot by Ryan McLeod.
18:48 of 1st period - Shot Misses the Net.
19:00 of 1st period - Shot by Ryan McLeod.
19:00 of 1st period - Stopped by Adam Werner without a rebound.
19:01 of 1st period - Mitchell Stephens wins face-off versus John Hayden in Marlies zone.
19:24 of 1st period - Shot by Rhett Gardner.
19:24 of 1st period - Shot Misses the Net.
19:26 of 1st period - Shot by Cody Goloubef.
19:26 of 1st period - Shot Misses the Net.
19:28 of 1st period - Shot by Rhett Gardner.
19:28 of 1st period - Shot Blocked by Connor Mackey.
19:30 of 1st period - Shot by Mitchell Stephens.
19:30 of 1st period - Shot Blocked by Mark Barberio.
19:32 of 1st period - Shot by Cody Goloubef.
19:32 of 1st period - Stopped by Maxime Lagace without a rebound.
19:33 of 1st period - Zac Rinaldo wins face-off versus Ty Dellandrea in Heat zone.
19:45 of 1st period - Icing by Alexander Petrovic.
19:46 of 1st period - Zac Rinaldo wins face-off versus Frederik Gauthier in Heat zone.
19:53 of 1st period - Shot by Travis Boyd.
19:53 of 1st period - Shot Misses the Net.
19:55 of 1st period - Shot by Dillon Dube.
19:55 of 1st period - Shot Misses the Net.
19:57 of 1st period - Shot by Alexander Petrovic.
19:57 of 1st period - Stopped by Adam Werner with a rebound.
19:59 of 1st period - Shot by Dillon Dube.
19:59 of 1st period - Goal by Dillon Dube - Marlies : 2 - Heat : 2.
Goals for this period are 2 for Marlies vs 2 for Heat.
Shots for this period are 10 for Marlies vs 13 for Heat.

2nd period


0:01 of 2nd period - Ty Dellandrea wins face-off versus John Hayden in neutral zone.
1:25 of 2nd period - Shot by Gabriel Bourque.
1:25 of 2nd period - Stopped by Maxime Lagace without a rebound.
1:26 of 2nd period - Mitchell Stephens wins face-off versus Ryan McLeod in Heat zone.
2:41 of 2nd period - Shot by Samuel Morin.
2:41 of 2nd period - Stopped by Maxime Lagace without a rebound.
2:42 of 2nd period - Ty Dellandrea wins face-off versus Zac Rinaldo in Heat zone.
3:07 of 2nd period - Zac Rinaldo is hit by Cody Goloubef and loses puck.
3:55 of 2nd period - Shot by Samuel Morin.
3:55 of 2nd period - Stopped by Maxime Lagace without a rebound.
3:56 of 2nd period - Gabriel Bourque wins face-off versus Jonny Brodzinski in Heat zone.
4:03 of 2nd period - Shot by Gabriel Bourque.
4:03 of 2nd period - Deflect By Kyle Clifford.
4:03 of 2nd period - Stopped by Maxime Lagace without a rebound.
4:04 of 2nd period - Frederik Gauthier wins face-off versus John Hayden in Heat zone.
4:15 of 2nd period - Frederik Gauthier is hit by John Hayden.
4:23 of 2nd period - Shot by Frederik Gauthier.
4:23 of 2nd period - Shot Misses the Net.
4:25 of 2nd period - Shot by Gabriel Bourque.
4:25 of 2nd period - Shot Misses the Net.
4:57 of 2nd period - Shot by Oskar Steen.
4:57 of 2nd period - Stopped by Maxime Lagace without a rebound.
4:58 of 2nd period - Joel Kellman wins face-off versus Shane Bowers in Heat zone.
4:58 of 2nd period - Eetu Tuulola is hit by Arnaud Durandeau and loses puck.
5:06 of 2nd period - Jonathan Gruden is hit by Connor Mackey and loses puck.
5:24 of 2nd period - Connor Mackey is hit by Arnaud Durandeau and loses puck.
6:01 of 2nd period - Icing by Wade Allison.
6:02 of 2nd period - Gabriel Bourque wins face-off versus Ryan McLeod in Heat zone.
6:19 of 2nd period - Shot by Kyle Clifford.
6:19 of 2nd period - Stopped by Maxime Lagace with a rebound.
6:23 of 2nd period - Shot by Frederik Gauthier.
6:23 of 2nd period - Stopped by Maxime Lagace without a rebound.
6:24 of 2nd period - Zac Rinaldo wins face-off versus Ty Dellandrea in Heat zone.
8:03 of 2nd period - Alexander Petrovic is hit by Gabriel Bourque and loses puck.
9:27 of 2nd period - Minor Penalty to Ryan McLeod for Boarding.
9:28 of 2nd period - Joel Kellman wins face-off versus Parker Kelly in Heat zone.
9:58 of 2nd period - Shot by Dillon Dube.
9:58 of 2nd period - Shot Misses the Net.
10:49 of 2nd period - Philipp Kurashev is hit by Alexander Petrovic and loses puck.
11:14 of 2nd period - Shot by Samuel Morin.
11:14 of 2nd period - Goal by Samuel Morin - Marlies : 3 - Heat : 2.
11:15 of 2nd period - Ryan McLeod wins face-off versus Mitchell Stephens in neutral zone.
11:35 of 2nd period - Shot by Cole Schneider.
11:35 of 2nd period - Shot Misses the Net.
11:37 of 2nd period - Shot by Ryan McLeod.
11:37 of 2nd period - Stopped by Adam Werner without a rebound.
11:38 of 2nd period - Frederik Gauthier wins face-off versus Zac Rinaldo in Marlies zone.
11:38 of 2nd period - Frederik Gauthier is hit by Zac Rinaldo.
11:46 of 2nd period - Connor Mackey is hit by Kyle Clifford and loses puck.
11:57 of 2nd period - Minor Penalty to Samuel Morin for Hooking.
11:58 of 2nd period - John Hayden wins face-off versus Mitchell Stephens in Marlies zone.
12:12 of 2nd period - Icing by Steven Kampfer.
12:13 of 2nd period - Mitchell Stephens wins face-off versus John Hayden in Heat zone.
12:22 of 2nd period - Shot by Cody Franson.
12:22 of 2nd period - Stopped by Adam Werner without a rebound.
12:23 of 2nd period - Oskar Steen wins face-off versus Ryan McLeod in Marlies zone.
12:36 of 2nd period - Shot by Dillon Dube.
12:36 of 2nd period - Stopped by Adam Werner without a rebound.
12:37 of 2nd period - Mitchell Stephens wins face-off versus John Hayden in Marlies zone.
12:46 of 2nd period - Mitchell Stephens is hit by John Hayden and loses puck.
13:01 of 2nd period - Shot by Steven Kampfer.
13:01 of 2nd period - Shot Misses the Net.
14:20 of 2nd period - Shot by Jonathan Gruden.
14:20 of 2nd period - Shot Misses the Net.
14:22 of 2nd period - Shot by Shane Bowers.
14:22 of 2nd period - Stopped by Maxime Lagace with a rebound.
14:24 of 2nd period - Shot by Nikita Okhotiuk.
14:24 of 2nd period - Stopped by Maxime Lagace without a rebound.
14:25 of 2nd period - Zac Rinaldo wins face-off versus Frederik Gauthier in Heat zone.
14:29 of 2nd period - Minor Penalty to Cody Goloubef for Hooking.
14:30 of 2nd period - Ryan McLeod wins face-off versus Mitchell Stephens in Marlies zone.
14:40 of 2nd period - Icing by Ryan McLeod.
14:41 of 2nd period - Ryan McLeod wins face-off versus Kyle Clifford in Heat zone.
15:02 of 2nd period - Shot by Cody Franson.
15:02 of 2nd period - Shot Misses the Net.
15:10 of 2nd period - Shot by Wade Allison.
15:10 of 2nd period - Stopped by Adam Werner without a rebound.
15:11 of 2nd period - Mitchell Stephens wins face-off versus John Hayden in Marlies zone.
15:27 of 2nd period - Shot by Travis Boyd.
15:27 of 2nd period - Stopped by Adam Werner without a rebound.
15:28 of 2nd period - Ryan McLeod wins face-off versus Oskar Steen in Marlies zone.
15:33 of 2nd period - Shot by Alexander Petrovic.
15:33 of 2nd period - Stopped by Adam Werner with a rebound.
15:35 of 2nd period - Shot by Travis Boyd.
15:35 of 2nd period - Stopped by Adam Werner without a rebound.
15:36 of 2nd period - Mitchell Stephens wins face-off versus John Hayden in Marlies zone.
15:36 of 2nd period - Mitchell Stephens is hit by John Hayden.
15:37 of 2nd period - Minor Penalty to John Hayden for Elbowing.
15:38 of 2nd period - Ty Dellandrea wins face-off versus Ryan McLeod in Heat zone.
15:38 of 2nd period - Ty Dellandrea is hit by Mark Barberio.
16:00 of 2nd period - Shot by Ryan McLeod.
16:00 of 2nd period - Shot Blocked by Samuel Morin.
16:10 of 2nd period - Shot by Parker Kelly.
16:10 of 2nd period - Shot Misses the Net.
16:21 of 2nd period - Icing by Cody Franson.
16:22 of 2nd period - Frederik Gauthier wins face-off versus Ryan McLeod in Heat zone.
16:25 of 2nd period - Shot by Frederik Gauthier.
16:25 of 2nd period - Deflect By Kyle Clifford.
16:25 of 2nd period - Goal by Kyle Clifford - Marlies : 4 - Heat : 2.
16:26 of 2nd period - Frederik Gauthier wins face-off versus Ryan McLeod in neutral zone.
16:44 of 2nd period - Icing by Frederik Gauthier.
16:45 of 2nd period - Joel Kellman wins face-off versus Shane Bowers in Marlies zone.
16:45 of 2nd period - Joel Kellman is hit by Cody Goloubef.
17:46 of 2nd period - Icing by Alexander Petrovic.
17:47 of 2nd period - John Hayden wins face-off versus Ty Dellandrea in Heat zone.
18:00 of 2nd period - Shot by Ty Dellandrea.
18:00 of 2nd period - Shot Blocked by Tommy Cross.
19:05 of 2nd period - Icing by Mark Barberio.
19:06 of 2nd period - Mitchell Stephens wins face-off versus Ryan McLeod in Heat zone.
19:35 of 2nd period - Shot by Dillon Dube.
19:35 of 2nd period - Stopped by Adam Werner without a rebound.
19:36 of 2nd period - Joel Kellman wins face-off versus Frederik Gauthier in Marlies zone.
Goals for this period are 2 for Marlies vs 0 for Heat.
Shots for this period are 11 for Marlies vs 8 for Heat.

3rd period


0:01 of 3rd period - Zac Rinaldo wins face-off versus Ty Dellandrea in neutral zone.
0:08 of 3rd period - Shot by Zac Rinaldo.
0:08 of 3rd period - Shot Misses the Net.
0:20 of 3rd period - Shot by Travis Boyd.
0:20 of 3rd period - Shot Blocked by Samuel Morin.
0:22 of 3rd period - Shot by Zac Rinaldo.
0:22 of 3rd period - Deflect By Dillon Dube.
0:22 of 3rd period - Shot Misses the Net.
1:40 of 3rd period - Shot by Wade Allison.
1:40 of 3rd period - Stopped by Adam Werner with a rebound.
1:48 of 3rd period - Shot by Cole Schneider.
1:48 of 3rd period - Shot Misses the Net.
2:00 of 3rd period - Mark Barberio is hit by Cody Goloubef and loses puck.
2:04 of 3rd period - Icing by Trevor Carrick.
2:05 of 3rd period - Frederik Gauthier wins face-off versus Joel Kellman in Marlies zone.
2:30 of 3rd period - Shot by Patrick Russell.
2:30 of 3rd period - Shot Blocked by Trevor Carrick.
2:46 of 3rd period - Icing by Patrick Russell.
2:47 of 3rd period - Ty Dellandrea wins face-off versus Joel Kellman in Heat zone.
2:48 of 3rd period - Shot by Philipp Kurashev.
2:48 of 3rd period - Stopped by Maxime Lagace without a rebound.
2:49 of 3rd period - Ty Dellandrea wins face-off versus Zac Rinaldo in Heat zone.
2:52 of 3rd period - Shot by Ty Dellandrea.
2:52 of 3rd period - Shot Blocked by Zac Rinaldo.
2:54 of 3rd period - Shot by Parker Kelly.
2:54 of 3rd period - Deflect By Philipp Kurashev.
2:54 of 3rd period - Goal by Philipp Kurashev - Marlies : 5 - Heat : 2.
2:54 of 3rd period - Joel Hofer enters game.
2:55 of 3rd period - Ty Dellandrea wins face-off versus Dillon Dube in neutral zone.
4:10 of 3rd period - Shot by Mitchell Stephens.
4:10 of 3rd period - Stopped by Joel Hofer without a rebound.
4:11 of 3rd period - Shane Bowers wins face-off versus Ryan McLeod in Heat zone.
4:34 of 3rd period - Shot by Mark Barberio.
4:34 of 3rd period - Stopped by Adam Werner with a rebound.
4:42 of 3rd period - Nikita Okhotiuk is hit by Cole Schneider.
4:51 of 3rd period - Icing by Arnaud Durandeau.
4:52 of 3rd period - Shane Bowers wins face-off versus Daniel Carr in Marlies zone.
5:05 of 3rd period - Off-side.
5:06 of 3rd period - Mitchell Stephens wins face-off versus Joel Kellman in neutral zone.
5:11 of 3rd period - Shot by Rhett Gardner.
5:11 of 3rd period - Shot Blocked by Alexander Petrovic.
5:13 of 3rd period - Shot by Rhett Gardner.
5:13 of 3rd period - Shot Blocked by Tommy Cross.
5:15 of 3rd period - Shot by Mitchell Stephens.
5:15 of 3rd period - Goal by Mitchell Stephens - Marlies : 6 - Heat : 2.
5:16 of 3rd period - Ty Dellandrea wins face-off versus John Hayden in neutral zone.
5:25 of 3rd period - Shot by Parker Kelly.
5:25 of 3rd period - Stopped by Joel Hofer without a rebound.
5:26 of 3rd period - Mitchell Stephens wins face-off versus Joel Kellman in Heat zone.
5:37 of 3rd period - Shot by Patrick Russell.
5:37 of 3rd period - Shot Hit the Post.
5:39 of 3rd period - Shot by Joel Kellman.
5:39 of 3rd period - Shot Misses the Net.
5:43 of 3rd period - Shot by Eetu Tuulola.
5:43 of 3rd period - Shot Misses the Net.
5:48 of 3rd period - Eetu Tuulola is hit by Samuel Morin.
7:11 of 3rd period - Shot by Gabriel Bourque.
7:11 of 3rd period - Shot Misses the Net.
7:13 of 3rd period - Shot by Devante Stephens.
7:13 of 3rd period - Stopped by Joel Hofer without a rebound.
7:14 of 3rd period - Ryan McLeod wins face-off versus Frederik Gauthier in Heat zone.
7:43 of 3rd period - Shot by Cole Schneider.
7:43 of 3rd period - Deflect By Wade Allison.
7:43 of 3rd period - Shot Blocked by Devante Stephens.
7:45 of 3rd period - Shot by Wade Allison.
7:45 of 3rd period - Stopped by Adam Werner without a rebound.
7:46 of 3rd period - Oskar Steen wins face-off versus John Hayden in Marlies zone.
7:46 of 3rd period - Oskar Steen is hit by John Hayden.
7:49 of 3rd period - Icing by Dennis Cholowski.
7:50 of 3rd period - Rhett Gardner wins face-off versus John Hayden in Marlies zone.
8:18 of 3rd period - Shot by Mitchell Stephens.
8:18 of 3rd period - Shot Misses the Net.
8:21 of 3rd period - Icing by Steven Kampfer.
8:22 of 3rd period - Frederik Gauthier wins face-off versus Daniel Carr in Heat zone.
8:48 of 3rd period - Icing by Cody Goloubef.
8:49 of 3rd period - Frederik Gauthier wins face-off versus Zac Rinaldo in Marlies zone.
8:49 of 3rd period - Frederik Gauthier is hit by Zac Rinaldo.
8:57 of 3rd period - Shot by Cody Goloubef.
8:57 of 3rd period - Shot Misses the Net.
9:11 of 3rd period - Shot by Travis Boyd.
9:11 of 3rd period - Shot Blocked by Cody Goloubef.
9:13 of 3rd period - Shot by Dillon Dube.
9:13 of 3rd period - Shot Misses the Net.
10:03 of 3rd period - Icing by Cole Schneider.
10:04 of 3rd period - Ty Dellandrea wins face-off versus Ryan McLeod in Heat zone.
10:05 of 3rd period - Shot by Philipp Kurashev.
10:05 of 3rd period - Deflect By Parker Kelly.
10:05 of 3rd period - Shot Misses the Net.
10:20 of 3rd period - Shot by Wade Allison.
10:20 of 3rd period - Stopped by Adam Werner without a rebound.
10:21 of 3rd period - Mitchell Stephens wins face-off versus Jonny Brodzinski in Marlies zone.
10:48 of 3rd period - Shot by John Hayden.
10:48 of 3rd period - Stopped by Adam Werner without a rebound.
10:49 of 3rd period - Ty Dellandrea wins face-off versus Zac Rinaldo in Marlies zone.
10:51 of 3rd period - Parker Kelly is hit by Zac Rinaldo and loses puck.
11:06 of 3rd period - Shot by Philipp Kurashev.
11:06 of 3rd period - Stopped by Joel Hofer with a rebound.
11:08 of 3rd period - Shot by Samuel Morin.
11:08 of 3rd period - Shot Blocked by Tommy Cross.
11:10 of 3rd period - Shot by Ty Dellandrea.
11:10 of 3rd period - Stopped by Joel Hofer without a rebound.
11:11 of 3rd period - Joel Kellman wins face-off versus Shane Bowers in Heat zone.
11:17 of 3rd period - Joel Kellman is hit by Arnaud Durandeau and loses puck.
12:18 of 3rd period - Shot by Philipp Kurashev.
12:18 of 3rd period - Stopped by Joel Hofer without a rebound.
12:19 of 3rd period - Mitchell Stephens wins face-off versus Zac Rinaldo in Heat zone.
12:24 of 3rd period - Shot by Rhett Gardner.
12:24 of 3rd period - Stopped by Joel Hofer with a rebound.
12:44 of 3rd period - Rhett Gardner is hit by Zac Rinaldo and loses puck.
13:00 of 3rd period - Shot by Zac Rinaldo.
13:00 of 3rd period - Shot Misses the Net.
13:55 of 3rd period - Shot by Parker Kelly.
13:55 of 3rd period - Stopped by Joel Hofer without a rebound.
13:56 of 3rd period - John Hayden wins face-off versus Frederik Gauthier in Heat zone.
13:56 of 3rd period - John Hayden is hit by Kyle Clifford.
14:11 of 3rd period - Shot by Daniel Carr.
14:11 of 3rd period - Shot Misses the Net.
14:17 of 3rd period - Shot by Gabriel Bourque.
14:17 of 3rd period - Shot Misses the Net.
14:19 of 3rd period - Shot by Frederik Gauthier.
14:19 of 3rd period - Shot Misses the Net.
14:21 of 3rd period - Shot by Frederik Gauthier.
14:21 of 3rd period - Shot Misses the Net.
14:23 of 3rd period - Shot by Nikita Okhotiuk.
14:23 of 3rd period - Shot Misses the Net.
14:25 of 3rd period - Shot by Devante Stephens.
14:25 of 3rd period - Stopped by Joel Hofer without a rebound.
14:26 of 3rd period - Shane Bowers wins face-off versus Zac Rinaldo in Heat zone.
14:26 of 3rd period - Shane Bowers is hit by Tommy Cross.
14:30 of 3rd period - Shot by Jonathan Gruden.
14:30 of 3rd period - Stopped by Joel Hofer without a rebound.
14:31 of 3rd period - Zac Rinaldo wins face-off versus Ty Dellandrea in Heat zone.
14:52 of 3rd period - Shot by Zac Rinaldo.
14:52 of 3rd period - Stopped by Adam Werner without a rebound.
14:53 of 3rd period - Frederik Gauthier wins face-off versus John Hayden in Marlies zone.
15:14 of 3rd period - Shot by Gabriel Bourque.
15:14 of 3rd period - Stopped by Joel Hofer without a rebound.
15:15 of 3rd period - Ryan McLeod wins face-off versus Ty Dellandrea in Heat zone.
15:29 of 3rd period - Wade Allison is hit by Samuel Morin.
15:52 of 3rd period - Minor Penalty to Samuel Morin for Hooking.
15:53 of 3rd period - Mitchell Stephens wins face-off versus John Hayden in Marlies zone.
15:53 of 3rd period - Mitchell Stephens is hit by John Hayden.
16:18 of 3rd period - Daniel Carr is hit by Devante Stephens and loses puck.
16:23 of 3rd period - Shot by Jonny Brodzinski.
16:23 of 3rd period - Deflect By John Hayden.
16:23 of 3rd period - Shot Blocked by Devante Stephens.
16:25 of 3rd period - Shot by Cody Franson.
16:25 of 3rd period - Stopped by Adam Werner without a rebound.
16:26 of 3rd period - Mitchell Stephens wins face-off versus Ryan McLeod in Marlies zone.
16:47 of 3rd period - Shot by Alexander Petrovic.
16:47 of 3rd period - Stopped by Adam Werner without a rebound.
16:48 of 3rd period - Oskar Steen wins face-off versus John Hayden in Marlies zone.
16:48 of 3rd period - Oskar Steen is hit by John Hayden.
17:08 of 3rd period - Shot by Jonny Brodzinski.
17:08 of 3rd period - Stopped by Adam Werner without a rebound.
17:09 of 3rd period - Oskar Steen wins face-off versus Ryan McLeod in Marlies zone.
17:19 of 3rd period - Shot by Wade Allison.
17:19 of 3rd period - Shot Misses the Net.
17:21 of 3rd period - Shot by Dillon Dube.
17:21 of 3rd period - Shot Blocked by Devante Stephens.
17:23 of 3rd period - Shot by Wade Allison.
17:23 of 3rd period - Goal by Wade Allison - Marlies : 6 - Heat : 3.
17:24 of 3rd period - Joel Kellman wins face-off versus Shane Bowers in neutral zone.
17:40 of 3rd period - Shot by Patrick Russell.
17:40 of 3rd period - Stopped by Adam Werner without a rebound.
17:41 of 3rd period - Mitchell Stephens wins face-off versus John Hayden in Marlies zone.
17:41 of 3rd period - Mitchell Stephens is hit by John Hayden.
19:18 of 3rd period - Shot by Joel Kellman.
19:18 of 3rd period - Shot Misses the Net.
19:35 of 3rd period - Shot by Philipp Kurashev.
19:35 of 3rd period - Stopped by Joel Hofer without a rebound.
19:36 of 3rd period - Zac Rinaldo wins face-off versus Ty Dellandrea in Heat zone.
19:54 of 3rd period - Shot by Dillon Dube.
19:54 of 3rd period - Stopped by Adam Werner without a rebound.
19:55 of 3rd period - Mitchell Stephens wins face-off versus Ryan McLeod in Marlies zone.
19:59 of 3rd period - Icing by Samuel Morin.
Goals for this period are 2 for Marlies vs 1 for Heat.
Shots for this period are 15 for Marlies vs 12 for Heat.